 Dungeon Crawl Stone Soup version 0.27-a0-1595-g0b823d0a13 (webtiles) character file.

Game seed: 8874664380269465817

6397 PentaManta the Basher (level 10, -1/65 HPs)
             Began as a Gargoyle Monk on July 20, 2021.
             Was a High Priest of Okawaru.
             Slain by a centaur warrior (9 damage)
             ... on level 10 of the Dungeon.
             The game lasted 00:24:48 (11900 turns).

PentaManta the Basher (Gargoyle Monk)              Turns: 11900, Time: 00:24:49

Health: -1/65      AC: 27    Str: 18    XL:     10   Next: 98%
Magic:  10/10      EV:  9    Int: 14    God:    Okawaru [*****.]
Gold:   538        SH:  0    Dex: 12    Spells: 9/9 levels left

rFire    . . .     SeeInvis .   O - +1 demon whip of Disintegration {freeze, rElec rF- Int+3}
rCold    . . .     Faith    .   (no shield)
rNeg     + . .     Spirit   .   o - +2 chain mail {rF+}
rPois    ∞         Reflect  .   u - +1 helmet
rElec    +         Harm     .   (no cloak)
rCorr    .         Rampage  .   v - +0 pair of gloves
Will     ++...                  f - +2 pair of boots
Stlth    ..........             (no amulet)
HPRegen  0.20/turn              G - ring of willpower
MPRegen  0.12/turn              k - ring of willpower

@: no status effects
A: sickness immunity, AC +7, negative energy resistance 1, electricity
resistance, torment resistance 1, petrification resistance
a: Renounce Religion, Heroism, Finesse


You were on level 10 of the Dungeon.
You worshipped Okawaru.
Okawaru was extremely pleased with you.
You visited 2 branches of the dungeon, and saw 11 of its levels.

You collected 688 gold pieces.
You spent 150 gold pieces at shops.

Inventory:

Hand Weapons
 a - a +1 dagger of venom
 g - a +0 hunting sling
 n - a +0 flail
 y - a +3 mace of protection
 L - a +2 whip of draining
 O - the +1 demon whip of Disintegration (weapon) {freeze, rElec rF- Int+3}
   (Okawaru gifted it to you on level 9 of the Dungeon)

   It freezes those it strikes, dealing additional cold damage.
   It can also slow down cold-blooded creatures.
   Int:       It affects your intelligence (+3).
   rF:        It makes you vulnerable to fire.
   rElec:     It insulates you from electricity.
 P - a +0 dire flail
Missiles
 x - 2 throwing nets (quivered)
 A - 6 atropa-tipped darts
 M - 16 poisoned darts
Armour
 d - a +0 plate armour
 f - a +2 pair of boots (worn)
 i - +0 steam dragon scales
 o - a +2 chain mail of fire resistance (worn)
 s - a +0 scale mail of positive energy
 u - a +1 helmet (worn)
 v - a +0 pair of gloves (worn)
 C - a +2 kite shield
Jewellery
 k - a ring of willpower (right hand)
 l - a ring of wizardry
 F - a ring of flight
 G - a ring of willpower (left hand)
Wands
 D - a wand of paralysis (20)
 E - a wand of iceblast (7)
 J - a wand of digging (6)
 R - a wand of polymorph (9)
Scrolls
 j - 2 scrolls of fear
 p - 2 scrolls of magic mapping
 q - 3 scrolls of immolation
 r - 3 scrolls of identify
 H - a scroll of teleportation
 I - 3 scrolls of enchant weapon
 Q - a scroll of holy word {unknown}
 S - a scroll of blinking
Potions
 b - 2 potions of heal wounds
 c - a potion of curing
 e - a potion of brilliance
 h - a potion of resistance
 m - 2 potions of flight
 t - a potion of mutation
 w - 2 potions of attraction
 z - a potion of ambrosia
 B - 2 potions of invisibility
 K - a potion of cancellation
 N - 2 potions of haste {unknown}


   Skills:
 + Level 8.7 Fighting
 - Level 11.0 Maces & Flails
 + Level 7.8 Armour
 - Level 5.0 Dodging
 - Level 2.1 Stealth
 * Level 4.6 Shields


You had 9 spell levels left.
You didn't know any spells.
Your spell library contained the following spells:

 Spells                   Type           Power      Damage    Failure   Level
 Apportation              Tloc           0%         N/A       96%         1
 Shock                    Conj/Air       0%         1d3       96%         1
 Blink                    Tloc           N/A        N/A       99%         2
 Swiftness                Air            0%         N/A       100%        3
 Airstrike                Air            0%         N/A       100%        4
 Leda's Liquefaction      Hex/Erth       0%         N/A       100%        4
 Alistair's Intoxication  Tmut/Pois      0%         N/A       100%        5
 Bolt of Magma            Conj/Fire/Erth 0%         4d4       100%        5
 Manifold Assault         Tloc           0%         N/A       100%        5
 Invisibility             Hex            0%         N/A       100%        6
 Storm Form               Tmut/Air       0%         N/A       100%        7
 Statue Form              Tmut/Erth      Unusable   N/A       N/A         6

Dungeon Overview and Level Annotations

Branches:
Dungeon (10/15)            Temple (1/1) D:5            Lair (0/6) D:8
    Orc: D:9-12

Altars:
Ashenzari
Dithmenos
Fedhas
Gozag
Hepliaklqana
Kikubaaqudgha
Nemelex Xobeh
Okawaru
Qazlal
Ru
Sif Muna
Trog
Uskayaw
Vehumet
Wu Jian
Xom
Yredelemnul
Zin
The Shining One

Shops:
D:6 ?


Innate Abilities, Weirdness & Mutations

You are immune to sickness and miasma.
Your stone body is resilient. (AC +7)
You are immune to poison.
You resist negative energy. (rN+)
You are resistant to electric shocks. (rElec)
You are resistant to unholy torment.
You are immune to petrification.


Message History

You hit the killer bee. You freeze the killer bee.
You kill the killer bee!
Okawaru accepts your kill.
q - 3 scrolls of immolation (gained 1)
S - a scroll of blinking
Found a war axe.
A centaur warrior comes into view.
The centaur warrior shouts!
The centaur warrior wields a +2 shortbow of freezing.
It is covered in frost.
The centaur warrior shoots an arrow.
The arrow hits you! The arrow freezes you.
The centaur warrior shoots an arrow.
The arrow hits you. The arrow freezes you.
The centaur warrior shoots an arrow.
The arrow completely misses you.
The centaur warrior shoots an arrow.
The arrow barely misses you.
The centaur warrior shoots an arrow.
The arrow hits you. The arrow freezes you.
Found a dagger.
The centaur warrior shoots an arrow.
The arrow barely misses you.
The centaur warrior shoots an arrow.
The arrow hits you! The arrow freezes you.
You see here a +0 war axe.
Found 13 gold pieces.
The centaur warrior shoots an arrow.
The arrow hits you.
* * * LOW HITPOINT WARNING * * *
The arrow freezes you.
* * * LOW HITPOINT WARNING * * *
The centaur warrior unwields a +2 shortbow of freezing.
The centaur warrior hits you.
* * * LOW HITPOINT WARNING * * *
The centaur warrior kicks you.
* * * LOW HITPOINT WARNING * * *
The centaur warrior hits you but does no damage.
The centaur warrior kicks you but does no damage.
You hit the centaur warrior. You freeze the centaur warrior.
The centaur warrior is lightly wounded.
The centaur warrior hits you but does no damage.
The centaur warrior kicks you but does no damage.
You closely miss the centaur warrior.
The centaur warrior is lightly wounded.
You whack the centaur warrior! You freeze the centaur warrior.
The centaur warrior is lightly wounded.
The centaur warrior hits you!
You die...

####### .......
.......
##.......
#######.......)
.......c.......
....$..@.......
...####........
#)###.### #.# #
#.####.###.#
#.........#
#####.###.#
#....#
#####...##


You could see a centaur warrior.

Vanquished Creatures
  A two-headed ogre (D:9)
  A deep elf pyromancer (D:7)
  Psyche (D:9)
  A troll (D:9)
  4 yaks
  3 steam dragons
  2 wargs (D:8)
  2 hornet zombies
  2 black bears
  2 ice beasts
  2 necrophages
  An orc warrior (D:8)
  An ogre (D:7)
  7 centaurs
  2 phantoms
  A kobold brigand (D:9)
  4 bullfrogs
  5 scorpions
  A wyvern zombie (D:8)
  9 killer bees
  3 howler monkeys (D:7)
  2 bullfrog zombies (D:5)
  3 hounds
  3 centaur zombies
  A gnoll shaman (D:8)
  3 orc priests
  3 bullfrog skeletons
  3 orc wizards
  3 iguanas
  A killer bee zombie (D:7)
  A hound skeleton (D:5)
  A hound zombie (D:5)
  A howler monkey zombie (D:9)
  8 gnolls
  4 adders
  2 shadow imps
  3 white imps
  2 worms
  4 dart slugs
  21 orcs
  5 endoplasms
  4 giant cockroaches
  5 goblins
  8 hobgoblins
  9 jackals
  13 kobolds
  3 quokkas
  8 ball pythons
  3 bats
  7 frilled lizards
  2 rats
191 creatures vanquished.

Vanquished Creatures (others)
  A sky beast (D:7)
  An orc wizard (D:4)
  A plant (D:8)
3 creatures vanquished.

Grand Total: 194 creatures vanquished

Notes
Turn   | Place    | Note
-------+----------+-------------------------------------------
     0 | D:1      | PentaManta the Gargoyle Monk began the quest for the Orb.
     0 | D:1      | Reached XP level 1. HP: 14/14 MP: 1/1
   223 | D:1      | Reached XP level 2. HP: 19/19 MP: 2/2
   976 | D:1      | Reached skill level 4 in Maces & Flails
  1060 | D:1      | Found a faded altar of an unknown god.
  1148 | D:1      | Reached XP level 3. HP: 23/23 MP: 3/3
  2029 | D:3      | Reached XP level 4. HP: 28/28 MP: 4/4
  2374 | D:3      | Reached skill level 5 in Maces & Flails
  2652 | D:3      | Found a shimmering altar of Xom.
  2831 | D:3      | Found an ornate altar of the Wu Jian Council.
  3709 | D:4      | Reached XP level 5. HP: 32/32 MP: 5/5
  3880 | D:4      | Reached skill level 6 in Maces & Flails
  4344 | D:5      | Entered Level 5 of the Dungeon
  4481 | D:5      | Found a staircase to the Ecumenical Temple.
  4486 | D:5      | Noticed a phantom
  4502 | D:5      | Killed a phantom
  4503 | D:5      | Reached XP level 6. HP: 30/37 MP: 6/6
  4511 | Temple   | Entered the Ecumenical Temple
  4700 | D:5      | Reached skill level 7 in Maces & Flails
  4759 | D:5      | Found a bloodstained altar of Trog.
  4762 | D:5      | Noticed an ice beast
  4776 | D:5      | Killed an ice beast
  4777 | D:5      | Reached XP level 7. HP: 13/41 MP: 7/7
  5105 | D:5      | Reached skill level 8 in Maces & Flails
  5127 | D:5      | Found an iron altar of Okawaru.
  5137 | D:5      | Became a worshipper of Warmaster Okawaru
  5137 | D:5      | Reached * piety under Okawaru
  5137 | D:5      | Reached ** piety under Okawaru
  5489 | D:5      | Reached skill level 9 in Maces & Flails
  5523 | D:5      | Reached XP level 8. HP: 30/46 MP: 8/8
  5776 | D:5      | Reached skill level 10 in Maces & Flails
  6221 | D:6      | Reached skill level 1 in Armour
  6301 | D:6      | Reached *** piety under Okawaru
  6305 | D:6      | Noticed a yak
  6307 | D:6      | Noticed a yak
  6307 | D:6      | Noticed a yak
  6307 | D:6      | Noticed a yak
  6747 | D:6      | Reached XP level 9. HP: 51/53 MP: 9/9
  7029 | D:6      | Reached skill level 5 in Fighting
  7772 | D:5      | Reached **** piety under Okawaru
  7974 | D:6      | Found Vogoliy's Magic Scroll Shop.
  7982 | D:6      | Bought a scroll of teleportation for 36 gold pieces
  7982 | D:6      | Bought a scroll of identify for 24 gold pieces
  7982 | D:6      | Bought a scroll of enchant weapon for 90 gold pieces
  8207 | D:7      | Reached skill level 5 in Armour
  8366 | D:7      | Noticed a deep elf pyromancer
  8395 | D:7      | HP: 2/55 [fire elemental[a deep elf pyromancer] (1)]
  8397 | D:7      | Killed a deep elf pyromancer
  8829 | D:7      | Reached ***** piety under Okawaru
  8830 | D:7      | Reached XP level 10. HP: 48/63 MP: 10/10
  9074 | D:7      | Found a sparkling altar of Nemelex Xobeh.
  9075 | D:7      | Found an opulent altar of Gozag.
  9154 | D:8      | Found a staircase to the Lair.
  9170 | D:8      | Found a shadowy altar of Dithmenos.
  9687 | D:8      | Found a sacrificial altar of Ru.
 10445 | D:8      | Reached skill level 11 in Maces & Flails
 10519 | D:8      | Reached skill level 1 in Shields
 11335 | D:9      | Found a stormy altar of Qazlal.
 11364 | D:9      | Noticed a two-headed ogre
 11380 | D:9      | Killed a two-headed ogre
 11380 | D:9      | Identified the +1 demon whip of Disintegration {freeze,
                  | rElec rF- Int+3} (Okawaru gifted it to you on level 9 of
                  | the Dungeon)
 11380 | D:9      | Received a gift from Okawaru
 11413 | D:9      | Reached skill level 5 in Dodging
 11537 | D:9      | Found a basalt altar of Yredelemnul.
 11548 | D:9      | Noticed Psyche
 11556 | D:9      | Killed Psyche
 11830 | D:10     | Entered Level 10 of the Dungeon
 11891 | D:10     | Noticed a centaur warrior
 11900 | D:10     | Slain by a centaur warrior

Illustrated notes

Levels and vault maps discovered:
D:1:      dpeg_arrival_central, layout_basic,
          shapermc_ecumenical_altar_hornbeckon, minmay_misc_feat_five
D:2:      layout_basic
D:3:      layout_basic, lemuel_tele_altar, mainiacjoe_overflow_cross_hatched
D:4:      layout_loops_ring
D:5:      layout_loops_cross, lemuel_crystal_altar, okawaru_metal_pillars_1_2,
          minmay_temple_entry_drinking_statues, minmay_increasing_density
D:6:      layout_basic, serial_shops, nicolae_shop_statue_plus, minivault_10
D:7:      layout_rooms, grunt_temple_overflow_opulence
D:8:      layout_basic, amcnicky_altar_gilded,
          nicolae_ru_great_annihilating_truth, erik_lair_orcish_takeover
D:9:      layout_roguey, mainiacjoe_overflow_tiny_flanked, lemuel_crystal_altar,
          uniq_psyche
D:10:     layout_loops_ring, gammafunk_temple_overflow_forgotten,
          nicolae_wooded_promenade
Temple:   nicolae_temple_figure_zero

Skill      XL: |  1  2  3  4  5  6  7  8  9 10 |
---------------+-------------------------------+-----
Maces & Flails | 4 5 6 7 9 10 11 | 11.0
Armour         | 3 6 7 |  7.8
Fighting       | 4 7 8 |  8.7
Dodging        | 3 4 5 |  5.0
Shields        | 4 |  4.6
Stealth        | |  2.1

Action                   |  1- 3 |  4- 6 |  7- 9 | 10-12 || total
-------------------------+-------+-------+-------+-------++-------
Melee: Mace              |    59 |       |    87 |   208 ||   354
       Whip              |   100 |   193 |       |       ||   293
       Flail             |       |   127 |   290 |    39 ||   456
       Demon whip        |       |       |       |    39 ||    39
       Dagger            |       |       |       |    29 ||    29
Invok: Heroism           |       |       |     1 |     1 ||     2
  Use: Potion            |       |     1 |     2 |     1 ||     4
       Scroll            |       |       |    16 |     2 ||    18
 Stab: Sleeping          |     4 |     1 |     1 |       ||     6
       Paralysed         |       |       |       |     1 ||     1
Armor: Robe              |    11 |       |       |       ||    11
       Ring mail         |    68 |    60 |       |       ||   128
       Scale mail        |       |    26 |       |       ||    26
       Leather armour    |       |    60 |   101 |       ||   161
       Chain mail        |       |       |   169 |   214 ||   383
       Steam dragon scal |       |       |       |    26 ||    26
Dodge: Dodged            |   110 |   165 |   182 |   155 ||   612

Table legend: (Time is in decaauts)
 A = Elapsed time spent in this place.
 B = Non-inter-level travel time spent in this place.
 C = Inter-level travel time spent in this place.
 D = Time resting spent in this place.
 E = Time spent auto-exploring this place.
 F = Levels seen in this place.
 G = Mean time per level.
                   A        B        C        D        E       F      G
               +--------+--------+--------+--------+--------+-----+--------+
         Total |  11809 |  11339 |    470 |   1643 |   7432 |  11 | 1073.5 |
       Dungeon |  11439 |  10978 |    461 |   1473 |   7276 |  10 | 1143.9 |
        Temple |    369 |    360 |      9 |    170 |    156 |   1 |  369.0 |
               +--------+--------+--------+--------+--------+-----+--------+

Top non-repeatable levels by time:
     D:5: 1910 daAuts
     D:3: 1550 daAuts
     D:8: 1307 daAuts
     D:7: 1304 daAuts
     D:1: 1227 daAuts
     D:4: 1197 daAuts
     D:6: 1158 daAuts
     D:9: 1011 daAuts
     D:2: 709 daAuts
  Temple: 369 daAuts
    D:10: 62 daAuts
